 Dungeon Crawl Stone Soup version 0.25.1-2-g60ff931df9 (webtiles) character file.

Game seed: 18430898449292273511

93 DogServant the Ruffian (level 4, -3/40 HPs)
             Began as a Naga Transmuter on Oct 17, 2020.
             Killed by nerve-wracking pain
             ... invoked by Grinder
              (8 damage)
             ... on level 3 of the Dungeon.
             The game lasted 00:06:23 (2522 turns).

DogServant the Ruffian (Naga Transmuter)            Turns: 2522, Time: 00:06:24

Health: -3/40      AC:  3    Str: 14    XL:     4   Next: 61%
Magic:  6/7        EV: 10    Int: 17    God:
Gold:   124        SH:  0    Dex: 11    Spells: 4/7 levels left

rFire    . . .     SeeInvis +   c - +1 dagger (venom)
rCold    . . .     Gourm    .   (no shield)
rNeg     . . .     Faith    .   b - +0 robe
rPois    +         Spirit   .   (no helmet)
rElec    .         Reflect  .   (no cloak)
rCorr    .         Harm     .   g - +0 pair of gloves
MR       .....                  (no barding)
Stlth    +.........             (no amulet)
HPRegen  0.13/turn              (no ring)
MPRegen  0.10/turn              (no ring)

@: very slow
A: large, see invisible, clever 2, deformed body, sense surroundings 1, poison
resistance, slowness 2, slow metabolism 1, spit poison 1, AC +1
a: Spit Poison


You were on level 3 of the Dungeon.
You were hungry.

You visited 1 branch of the dungeon, and saw 3 of its levels.

You collected 124 gold pieces.

Inventory:

Hand Weapons
 c - a +1 dagger of venom (weapon)
 j - a +1 mace of protection
Missiles
 a - 11 arrows
 m - 10 poisoned darts (quivered)
Armour
 b - a +0 robe (worn)
 g - a +0 pair of gloves (worn)
Potions
 k - a potion of haste {unknown}
Comestibles
 d - 2 rations


   Skills:
 + Level 2.9 Fighting
 - Level 1.5 Dodging
 + Level 4.1 Unarmed Combat
 - Level 2.0 Spellcasting
 + Level 2.3 Transmutations


You had 4 spell levels left.
You knew the following spells:

 Your Spells              Type           Power        Failure   Level  Hunger
a - Beastly Appendage     Tmut           #.....       8%          1    #......
b - Sticks to Snakes      Tmut           #.......     12%         2    ###....

Your spell library contained the following spells:

 Spells                   Type           Power        Failure   Level  Hunger
 Spider Form              Tmut/Pois      #.........   36%         3    ###....
 Ice Form                 Ice/Tmut       #.......     77%         4    #####..
 Blade Hands              Tmut           #.........   91%         5    ######.


Dungeon Overview and Level Annotations

Branches:
Dungeon (3/15)

Altars:
Dithmenos
Elyvilon

Annotations:
D:3 Grinder


Innate Abilities, Weirdness & Mutations

You cannot wear boots.
Your serpentine skin is tough. (AC +1)
You have supernaturally acute eyesight. (SInv)
Armour fits poorly on your strangely shaped body.
Your system is resistant to poisons. (rPois)
You cover ground very slowly.
You have a slow metabolism.
You can spit poison.
Your mind is very acute. (Int +4)
You passively map a small area around you.


Message History

You closely miss Grinder.
Grinder is heavily wounded.
Grinder gestures at you.
You shrug off the repeated paralysis!
You closely miss Grinder.
Grinder is heavily wounded.
Grinder hits you.
You writhe in agony.
You hit Grinder.
Grinder looks as sick as possible!
Grinder is heavily wounded.
Grinder hits you.
You writhe in agony.
* * * LOW HITPOINT WARNING * * *
You can't do that yet.
Okay, then.
You aren't carrying any scrolls.
You have got your breath back.
Grinder hits you!
* * * LOW HITPOINT WARNING * * *
Grinder gestures at you. Pain shoots through your body!
You die...

# #...........
# #........
#..........# #
#.......# *
#..........# #
#.......#
#..........# #
#.....).#
#..........# #
#.......#
#...[......# #
#.......#
###.####...# #
#.......#
#########(#
##### #
#.......#
#@.5......# #
#.......#
#.######### #
####.#.#####.#
# #.#.......#
# #.#########
# #.# # #.# #
#.# ########.#


You could see Grinder (very poisoned).

Vanquished Creatures
  3 adders
  2 oozes
  3 worms
  A leopard gecko (D:2)
  A giant cockroach (D:2)
  9 goblins
  3 hobgoblins
  5 jackals (D:2)
  A quokka (D:2)
  5 bats
  5 frilled lizards
  6 kobolds
  5 rats
49 creatures vanquished.

Vanquished Creatures (others)
  A goblin (D:1)
1 creature vanquished.

Grand Total: 50 creatures vanquished

Notes
Turn   | Place    | Note
-------+----------+-------------------------------------------
     0 | D:1      | DogServant the Naga Transmuter began the quest for the Orb.
     0 | D:1      | Reached XP level 1. HP: 18/18 MP: 3/3
   176 | D:1      | Reached XP level 2. HP: 22/25 MP: 5/5
   867 | D:1      | Reached XP level 3. HP: 32/32 MP: 4/6
  1724 | D:2      | Reached skill level 4 in Unarmed Combat
  1724 | D:2      | Reached XP level 4. HP: 40/40 MP: 5/7
  1755 | D:2      | Found a white marble altar of Elyvilon.
  1862 | D:2      | Found a shadowy altar of Dithmenos.
  2469 | D:3      | Noticed Grinder
  2487 | D:3      | Paralysed by Grinder for 7 turns
  2503 | D:3      | Gained mutation: Your mind is acute. (Int +2) [potion of
                  | mutation]
  2503 | D:3      | Gained mutation: Your mind is very acute. (Int +4) [potion
                  | of mutation]
  2503 | D:3      | Gained mutation: You passively map a small area around you.
                  | [potion of mutation]
  2507 | D:3      | Learned a level 2 spell: Sticks to Snakes
  2514 | D:3      | Paralysed by Grinder for 2 turns
  2522 | D:3      | Killed from afar by Grinder

Illustrated notes

Levels and vault maps discovered:
D:1:      nagdon_arrival_zigzag_paths, layout_basic
D:2:      layout_basic, lemuel_coloured_pillars_altar,
          nicolae_dithmenos_shadow_blocks
D:3:      layout_basic, uniq_grinder

Skill      XL: |  1  2  3 |
---------------+----------+-----
Fighting       | 2 |  2.9
Unarmed Combat | 4 |  4.1
Dodging        | |  1.5
Spellcasting   | |  2.0
Transmutations | |  2.3

Action                   |  1- 3 |  4- 6 || total
-------------------------+-------+-------++-------
Melee: Unarmed           |    27 |       ||    27
       Hand axe          |     3 |       ||     3
       Headbutt          |     8 |     1 ||     9
       Mace              |    13 |       ||    13
       Dagger            |     3 |    45 ||    48
       Short sword       |    49 |       ||    49
       Punch             |       |     1 ||     1
Throw: Dart              |       |     1 ||     1
 Cast: Beastly Appendage |    14 |     1 ||    15
       Sticks to Snakes  |       |     1 ||     1
 Abil: Spit Poison       |    20 |    10 ||    30
  Use: Scroll            |     7 |     1 ||     8
       Potion            |     1 |     4 ||     5
  Eat: Chunk             |     3 |     2 ||     5
Armor: Robe              |    40 |     7 ||    47
Dodge: Dodged            |    76 |    25 ||   101
